Map: Dusk Towers

Players

Lightning

  • Race: Protoss Protoss
  • League: Master

TTS - Winner!

  • Race: Protoss Protoss
  • League: Platinum

VOD

Have the link to the VOD?

Description

Time

  • Played on: Feb. 24, 2016, 1:27 a.m.
  • Length: 9:55
Show
View Real Time Build Order
Export as new Build Order

Lightning Protoss 

Build Orders: Nexus First 

Get SALT Encoding   

  12  0:01  Probe (Chrono Boost)  
  13  0:11  Probe (Chrono Boost)  
  14  0:17  Pylon  
  14  0:22  Probe (Chrono Boost)  
  15  0:36  Probe (Chrono Boost)  
  16  0:46  Probe (Chrono Boost)  
  17  0:58  Nexus  
  17  1:09  Probe (Chrono Boost)  
  18  1:14  Gateway  
  18  1:19  Assimilator  
  18  1:20  Probe (Chrono Boost)  
  19  1:30  Probe (Chrono Boost)  
  19  1:32  Gateway  
  20  1:41  Probe (Chrono Boost)  
  20  1:42  Assimilator  
  21  1:52  Probe (Chrono Boost)  
  22  2:02  Cybernetics Core, Probe (Chrono Boost)  
  23  2:12  Probe (Chrono Boost)  
  23  2:13  Probe (Chrono Boost)  
  26  2:23  Probe x2 (Chrono Boost)  
  27  2:33  Probe (Chrono Boost)  
  27  2:34  Pylon, Probe (Chrono Boost)  
  29  2:40  Stalker (Chrono Boost)  
  29  2:41  Stalker (Chrono Boost)  
  29  2:43  Warp Gate  
  29  2:44  Probe x2  
  34  2:50  Pylon  
  35  2:56  Probe, Mothership Core (Chrono Boost)  
  38  3:08  Probe (Chrono Boost)  
  38  3:12  Robotics Facility  
  39  3:17  Probe (Chrono Boost), Assimilator  
  40  3:20  Probe (Chrono Boost), Assimilator  
  40  3:25  Pylon  
  40  3:27  Stalker  
  40  3:30  Probe (Chrono Boost)  
  40  3:31  Probe (Chrono Boost)  
  44  3:36  Stalker  
  44  3:41  Probe (Chrono Boost)  
  47  3:42  Probe (Chrono Boost)  
  48  3:51  Probe (Chrono Boost)  
  48  3:52  Probe (Chrono Boost)  
  48  3:53  Twilight Council  
  50  4:00  Observer  
  50  4:02  Probe (Chrono Boost)  
  52  4:03  Probe (Chrono Boost)  
  53  4:13  Probe (Chrono Boost)  
  53  4:14  Probe (Chrono Boost)  
  49  4:27  Probe x2 (Chrono Boost)  
  49  4:33  Blink  
  49  4:36  Immortal (Chrono Boost), Probe  
  49  4:38  Probe  
  55  4:47  Probe  
  55  4:50  Probe  
  57  4:56  Stalker x2  
  62  5:10  Probe  
  62  5:13  Forge  
  62  5:16  Pylon  
  62  5:17  Pylon  
  62  5:34  Immortal (Chrono Boost)  
  66  5:36  Gateway x2  
  66  5:45  Gateway  
  66  5:47  Gateway  
  66  5:52  Gateway  
  66  5:53  Protoss Ground Weapons Level 1 (Chrono Boost), Gateway  
  66  6:02  Stalker  
  66  6:03  Stalker  
  70  6:13  Gateway  
  70  6:14  Gateway  
  70  6:20  Warp Prism (Chrono Boost)  
  72  6:32  Stalker x2  
  74  6:37  Pylon  
  74  6:42  Pylon  
  74  6:44  Pylon  
  74  6:45  Pylon  
  74  6:48  Stalker x2  
  74  6:50  Charge  
  74  6:52  Pylon  
  78  7:08  Stalker  
  82  7:11  Stalker x3  
  82  7:13  Stalker  
  85  7:56  Zealot x2  
  85  7:57  Templar Archives, Zealot x5  
  85  7:58  Zealot  
  101  8:00  Pylon  
  101  8:03  Pylon  
  101  8:22  Zealot  
  101  8:23  Zealot x4  
  101  8:24  Zealot x3  
  117  8:43  High Templar x2  
  117  8:44  High Templar x2  
  117  8:45  High Templar x2  
  117  8:46  High Templar x2  
  117  8:48  Archon x2  
  133  8:49  Archon  
  133  8:50  Archon  
  133  8:56  Pylon x2  
  133  8:58  Pylon  
  111  9:16  Zealot x2  
  115  9:17  Zealot x4  
  115  9:19  Zealot x2  
  69  9:38  High Templar x2  
  69  9:39  High Templar x2, Zealot x2  
  69  9:40  Zealot  
  69  9:41  Zealot  
  69  9:43  Archon x2  
Show
View Real Time Build Order
Export as new Build Order

TTS Protoss - Winner!

Build Orders:  

Get SALT Encoding   

  12  0:01  Probe (Chrono Boost)  
  13  0:11  Probe (Chrono Boost)  
  14  0:22  Pylon, Probe (Chrono Boost)  
  15  0:40  Probe (Chrono Boost)  
  16  0:51  Probe (Chrono Boost)  
  17  1:02  Probe (Chrono Boost)  
  18  1:12  Probe (Chrono Boost)  
  18  1:13  Nexus  
  19  1:20  Gateway  
  19  1:23  Probe (Chrono Boost)  
  20  1:34  Probe (Chrono Boost)  
  20  1:35  Assimilator  
  20  1:39  Assimilator  
  21  1:44  Pylon  
  21  1:45  Probe (Chrono Boost)  
  22  1:55  Probe (Chrono Boost)  
  22  1:59  Gateway  
  23  2:06  Probe (Chrono Boost)  
  24  2:09  Cybernetics Core  
  24  2:17  Probe (Chrono Boost)  
  25  2:25  Probe (Chrono Boost)  
  25  2:28  Probe (Chrono Boost)  
  27  2:35  Probe (Chrono Boost)  
  28  2:38  Probe (Chrono Boost)  
  29  2:46  Probe (Chrono Boost)  
  29  2:47  Adept x2 (Chrono Boost)  
  29  2:48  Warp Gate  
  29  2:49  Probe  
  35  2:57  Pylon  
  35  2:58  Probe  
  36  3:01  Probe  
  37  3:10  Probe  
  38  3:18  Stalker x2 (Chrono Boost)  
  44  3:20  Mothership Core  
  44  3:21  Assimilator  
  44  3:22  Probe  
  44  3:25  Pylon, Assimilator  
  45  3:35  Probe  
  47  3:41  Probe (Chrono Boost)  
  47  3:47  Probe (Chrono Boost)  
  48  3:53  Probe (Chrono Boost)  
  49  3:57  Twilight Council  
  49  3:58  Probe (Chrono Boost)  
  49  4:00  Robotics Facility  
  49  4:01  Gateway  
  49  4:02  Stalker  
  52  4:04  Probe (Chrono Boost)  
  52  4:09  Probe (Chrono Boost)  
  54  4:14  Probe (Chrono Boost)  
  55  4:19  Probe (Chrono Boost)  
  56  4:25  Probe (Chrono Boost)  
  56  4:28  Stalker  
  56  4:29  Probe (Chrono Boost)  
  56  4:38  Blink (Chrono Boost)  
  56  4:47  Warp Prism (Chrono Boost)  
  58  4:56  Probe  
  59  5:00  Pylon  
  59  5:06  Gateway x2  
  59  5:12  Gateway  
  59  5:18  Gateway  
  59  5:19  Pylon, Sentry x2  
  59  5:20  Gateway, Sentry  
  65  5:24  Pylon  
  65  5:45  Observer  
  66  6:06  Pylon  
  66  6:08  Stalker x4  
  66  6:09  Stalker x2  
  78  6:16  Probe  
  78  6:17  Pylon, Stalker  
  78  6:18  Stalker  
  83  6:19  Observer  
  83  6:21  Nexus  
  83  6:23  Pylon  
  83  6:24  Robotics Bay  
  82  6:34  Stalker x5  
  82  6:37  Stalker  
  94  6:43  Probe  
  94  6:44  Probe  
  96  6:49  Pylon  
  96  6:55  Probe  
  97  7:05  Disruptor  
  97  7:06  Probe  
  98  7:10  Charge (Chrono Boost)  
  101  7:15  Probe  
  101  7:18  Robotics Facility  
  101  7:22  Templar Archives  
  102  7:24  Forge  
  102  7:28  Adept x3  
  102  7:29  Adept  
  110  7:33  Pylon, Probe  
  111  7:38  Probe  
  112  7:49  Probe  
  113  7:52  Zealot x3  
  113  7:53  Zealot x4  
  113  7:56  Stalker  
  113  7:57  Disruptor  
  129  8:01  Pylon  
  132  8:06  Probe  
  125  8:20  Stalker x3  
  125  8:21  Zealot x2  
  125  8:23  Probe  
  136  8:28  Assimilator  
  136  8:33  Probe, Assimilator  
  137  8:35  Pylon, Disruptor  
  140  8:42  High Templar x2, Zealot  
  140  8:47  Zealot, Archon  
  148  8:49  Pylon  
  148  8:50  Probe  
  148  8:51  Pylon  
  149  8:58  Zealot x2  
  149  8:59  Zealot  
  155  9:07  Disruptor  
  150  9:10  High Templar x2, Zealot  
  150  9:14  Archon  
  150  9:15  Zealot x2  
  161  9:19  Zealot  
  161  9:20  Zealot x2  
  138  9:34  Zealot  
  138  9:36  Zealot x2  
  119  9:41  Zealot x2  
  119  9:42  Zealot x3  
Tags
 
Add a new tag
Caveats
  • Supply blocks, unpowered buildings, or Contaminate may cause inaccurate times.
  • Supply counts are checked every 10 seconds.